 Dungeon Crawl Stone Soup version 0.27-a0-909-g0721f309d1 (webtiles) character file.

Game seed: 13190823201260116683

8658 Lanoc the Covert (level 11, -10/78 HPs)
             Began as an Octopode Delver on Apr 8, 2021.
             Was a Follower of Uskayaw.
             Mangled by a centaur warrior simulacrum (20 damage)
             ... on level 11 of the Dungeon.
             The game lasted 00:16:50 (11563 turns).

Lanoc the Covert (Octopode Delver)                 Turns: 11563, Time: 00:16:50

Health: -10/78     AC:  1    Str: 18    XL:     11   Next: 34%
Magic:  18/18      EV: 20    Int: 12    God:    Uskayaw [*.....]
Gold:   473        SH:  0    Dex: 23    Spells: 10/10 levels left

rFire    . . .     SeeInvis .   e - +7 war axe
rCold    . . .     Faith    .   (no shield)
rNeg     . . .     Spirit   .   (helmet restricted)
rPois    .         Reflect  .   (no amulet)
rElec    .         Harm     .   j - +6 ring of dexterity
rCorr    .         Rampage  .   u - +6 ring of strength
Will     .....                  (no ring)
Stlth    +++++++...             (no ring)
HPRegen  0.23/turn              (no ring)
MPRegen  0.16/turn              (no ring)
                                (no ring)
                                (no ring)

@: studying Evocations
A: almost no armour, amphibious, 8 rings, camouflage 1, gelatinous body 1,
(nimble swimmer 1), tentacles, mutation resistance 1
a: Renounce Religion, Stomp


You were on level 11 of the Dungeon.
You worshipped Uskayaw.
Uskayaw was aware of your devotion.
You visited 2 branches of the dungeon, and saw 11 of its levels.

You collected 473 gold pieces.

Inventory:

Hand Weapons
 a - a +0 vampiric dagger
 e - a +7 war axe (weapon)
Missiles
 g - 3 throwing nets (quivered)
 C - a curare-tipped dart
Armour
 z - a +0 kite shield of fire resistance
Jewellery
 j - a +6 ring of dexterity (left tentacle)
 u - a +6 ring of strength (right tentacle)
Wands
 f - a wand of digging (3)
 i - a wand of mindburst (17)
 s - a wand of random effects (13)
 A - a wand of charming (7)
Scrolls
 b - 2 scrolls of fog
 c - 4 scrolls of magic mapping
 d - 2 scrolls of fear
 h - a scroll of silence {unknown}
 k - a scroll of vulnerability {unknown}
 m - 2 scrolls of blinking {unknown}
 n - a scroll of teleportation
 w - a scroll of amnesia {unknown}
 y - a scroll of enchant armour {unknown}
 B - 3 scrolls of immolation {unknown}
Potions
 l - a potion of mutation
 o - a potion of magic {unknown}
 p - 3 potions of curing
 r - a potion of lignification
 v - a potion of cancellation
 x - 3 potions of brilliance


   Skills:
 + Level 8.6 Fighting
 - Level 2.0 Short Blades
 + Level 8.3 Dodging
 - Level 14.0 Stealth
 * Level 10.2 Invocations


You had 10 spell levels left.
You didn't know any spells.
Your spell library contained the following spells:

 Spells                   Type           Power      Damage    Failure   Level
 Beastly Appendage        Tmut           0%         N/A       32%         1
 Magic Dart               Conj           0%         1d3       32%         1
 Blink                    Tloc           N/A        N/A       45%         2
 Call Imp                 Summ           0%         N/A       45%         2
 Slow                     Hex            0%         N/A       45%         2
 Wereblood                Tmut           0%         N/A       45%         2
 Confusing Touch          Hex            0%         N/A       69%         3
 Conjure Flame            Conj/Fire      0%         6-21      69%         3
 Gell's Gravitas          Tloc           0%         N/A       69%         3
 Mephitic Cloud           Conj/Pois/Air  0%         N/A       69%         3
 Spider Form              Tmut/Pois      0%         N/A       69%         3
 Ice Form                 Ice/Tmut       0%         N/A       97%         4
 Petrify                  Tmut/Erth      0%         N/A       97%         4
 Hydra Form               Tmut           0%         N/A       100%        5
 Metabolic Englaciation   Hex/Ice        0%         N/A       100%        5
 Yara's Violent Unravell  Hex/Tmut       0%         3d3       100%        5


Dungeon Overview and Level Annotations

Branches:
Dungeon (11/15)            Temple (1/1) D:6            Lair (0/6) D:8
    Orc: D:9-12

Altars:
Ashenzari
Dithmenos
Gozag
Hepliaklqana
Makhleb
Okawaru
Qazlal
Ru
Sif Muna
Uskayaw

Shops:
D:2 (   D:10 (

Annotations:
D:9 exclusion: oklob plant


Innate Abilities, Weirdness & Mutations

You cannot wear most types of armour.
You are amphibious.
You can wear up to eight rings at the same time.
Your skin changes colour to match your surroundings (Stealth+).
Your rubbery body absorbs attacks. (AC +1, EV +1)
((You are camouflaged near water. (Stealth+)))
You have tentacles for arms and can constrict up to eight enemies at once.
You are somewhat resistant to further mutation.


Message History

You can no longer pass through a line of other dancers.
You feel yourself speed up.
i - a wand of mindburst (17) (gained 8 charges)
You see here a +0 club.
There is a large open door here.
There is a large open door here.
There is an open door here.
A two-headed ogre is nearby!
The two-headed ogre shouts in stereo!
There is an open door here.
Okay, then.
There is a large open door here.
There is a large open door here.
Okay, then.
There is a stone staircase leading down here.
You climb downwards.
You feel a wave of frost pass over you.
There is an entrance to an ice cave on this level.
Hurry and find it before the portal melts! 2 killer bees and a simulacrum come into view.
There is a stone staircase leading up here.
You slash the centaur warrior simulacrum!
Your squeeze misses the centaur warrior simulacrum.
The centaur warrior simulacrum is moderately damaged.
The centaur warrior simulacrum barely misses you.
The centaur warrior simulacrum kicks you.
The centaur warrior simulacrum freezes you!
You slash the centaur warrior simulacrum!
The centaur warrior simulacrum is heavily damaged.
You barely miss the killer bee. The killer bee closely misses you.
The centaur warrior simulacrum hits you.
The centaur warrior simulacrum freezes you!!
The centaur warrior simulacrum kicks you.
The centaur warrior simulacrum freezes you!!
* * * LOW HITPOINT WARNING * * *
The killer bee completely misses you.
The centaur warrior simulacrum closely misses you.
The centaur warrior simulacrum kicks you.
* * * LOW HITPOINT WARNING * * *
The centaur warrior simulacrum freezes you!!
You die...

... #y.#
#... #...
#...
.####..##
......yZ##
#..@.#
##.........
##....#.#.
#......
#..#####
#... #..#
#..#


You could see 2 killer bees and a centaur warrior simulacrum.

Vanquished Creatures
  Harold (D:7)
  A troll (D:9)
  A shadow (D:9)
  3 wyverns
  2 wraiths
  4 yaks (D:10)
  2 steam dragons
  Menkaure (D:7)
  An acid dragon (D:9)
  A water moccasin (D:7)
  A hornet zombie (D:6)
  An orc warrior (D:8)
  2 black bears (D:7)
  2 sky beasts
  4 necrophages
  2 ice beasts
  4 ogres
  5 centaurs
  A phantom (D:7)
  3 kobold brigands
  A bullfrog (D:8)
  2 scorpions
  A wyvern zombie (D:8)
  A water moccasin zombie (D:6)
  3 water moccasin skeletons (D:5)
  14 killer bees
  20 wights
  A howler monkey (D:10)
  3 centaur zombies
  A bullfrog zombie (D:5)
  2 hounds (D:5)
  12 jellies
  2 orc priests
  3 bullfrog skeletons
  2 centaur skeletons
  Jessica (D:2)
  2 iguanas
  8 orc wizards
  A hound skeleton (D:4)
  A howler monkey zombie (D:6)
  3 adders
  A white imp (D:5)
  2 adder skeletons (D:4)
  4 worms
  11 orcs
  A ball python (D:4)
  10 endoplasms
  A goblin (D:4)
  2 hobgoblins
  10 jackals
  2 quokkas (D:4)
  2 bats (D:3)
  2 frilled lizards (D:2)
  17 kobolds
  A rat (D:3)
192 creatures vanquished.

Vanquished Creatures (others)
  An orc wizard (D:5)
  6 fungi (D:9)
7 creatures vanquished.

Grand Total: 199 creatures vanquished

Notes
Turn   | Place    | Note
-------+----------+-------------------------------------------
     0 | D:5      | Lanoc the Octopode Delver began the quest for the Orb.
     0 | D:5      | Reached XP level 1. HP: 16/16 MP: 1/1
    31 | D:4      | Noticed a jelly
    51 | D:3      | Reached XP level 2. HP: 20/21 MP: 2/2
    61 | D:3      | Reached skill level 7 in Stealth
    61 | D:3      | Reached XP level 3. HP: 9/26 MP: 3/3
   270 | D:3      | Noticed an ogre
   281 | D:3      | Killed an ogre
   282 | D:3      | Reached skill level 8 in Stealth
   282 | D:3      | Reached XP level 4. HP: 33/33 MP: 4/4
   282 | D:3      | Reached XP level 5. HP: 37/37 MP: 5/5
  1044 | D:2      | Noticed Jessica
  1051 | D:2      | Killed Jessica
  1115 | D:2      | Found Oqomu's Weapon Shoppe.
  1677 | D:4      | Reached XP level 6. HP: 41/43 MP: 6/6
  1699 | D:4      | Reached skill level 9 in Stealth
  2052 | D:4      | Noticed a wyvern
  2053 | D:4      | Noticed a wraith
  2107 | D:5      | Noticed a necrophage
  2123 | D:5      | Killed a necrophage
  2124 | D:5      | Reached XP level 7. HP: 33/49 MP: 7/7
  2286 | D:5      | Reached skill level 10 in Stealth
  2696 | D:5      | Reached skill level 5 in Fighting
  3378 | D:5      | HP: 1/50 [white imp/puff of frost (8)]
  3380 | D:5      | Reached XP level 8. HP: 1/55 MP: 8/8
  3707 | D:6      | Reached skill level 11 in Stealth
  3955 | D:6      | Found a hide-covered altar of Uskayaw.
  3960 | D:6      | Became a worshipper of Uskayaw the Reveller
  4012 | D:6      | Reached * piety under Uskayaw
  4015 | D:6      | Reached ** piety under Uskayaw
  4032 | D:6      | Found a staircase to the Ecumenical Temple.
  4038 | Temple   | Entered the Ecumenical Temple
  4120 | D:6      | Reached skill level 5 in Dodging
  4120 | D:6      | Reached skill level 1 in Invocations
  4239 | D:6      | Found a sacrificial altar of Ru.
  4244 | D:6      | Reached *** piety under Uskayaw
  4382 | D:6      | Found an opulent altar of Gozag.
  4384 | D:6      | Found a stormy altar of Qazlal.
  4532 | D:6      | Reached XP level 9. HP: 45/62 MP: 10/12
  4781 | D:7      | Noticed Menkaure
  4787 | D:7      | Killed Menkaure
  4857 | D:7      | Reached skill level 12 in Stealth
  4857 | D:7      | Reached skill level 5 in Invocations
  5616 | D:7      | Noticed Harold
  5628 | D:7      | Gained mutation: You are somewhat resistant to further
                  | mutation. [potion of mutation]
  5634 | D:7      | Killed Harold
  5635 | D:7      | Reached XP level 10. HP: 32/71 MP: 13/15
  5984 | D:7      | Reached **** piety under Uskayaw
  6827 | D:8      | Reached skill level 13 in Stealth
  7317 | D:8      | Found a staircase to the Lair.
  7395 | D:8      | Found a shadowy altar of Dithmenos.
  8190 | D:9      | Noticed an oklob plant
  9054 | D:9      | Reached XP level 11. HP: 63/75 MP: 18/18
  9924 | D:9      | Found a burning altar of Makhleb.
 10134 | D:10     | Entered Level 10 of the Dungeon
 10348 | D:10     | Noticed a two-headed ogre
 10553 | D:10     | Found Nud Qurgh's Weapon Shoppe.
 10854 | D:10     | Reached skill level 10 in Invocations
 11325 | D:10     | Reached skill level 14 in Stealth
 11563 | D:11     | Mangled by a centaur warrior simulacrum

Illustrated notes

Levels and vault maps discovered:
D:2:      layout_basic, serial_shops, shop, uniq_jessica
D:3:      layout_basic, serial_aquarium, aquarium_bridge_square
          [aquarium_subvault_wall, aquarium_subvault_wall,
          aquarium_subvault_wall, aquarium_subvault_bridge],
          aquarium_bridge_square [aquarium_subvault_window,
          aquarium_subvault_bridge, aquarium_subvault_window,
          aquarium_subvault_balcony], aquarium_window_1, aquarium_window_1,
          aquarium_view_2e, aquarium_view_2c, aquarium_balcony_1a,
          aquarium_pool_1
D:4:      layout_gridville, skrybe_limestone_x, minmay_manual_mullet
D:5:      layout_basic
D:6:      layout_gridville, kennysheep_little_box, jmf_multi_god_temple,
          lemuel_crystal_altar, minmay_temple_entry_waves
D:7:      layout_basic, minmay_misc_feat_encased, uniq_menkaure, uniq_harold
D:8:      layout_basic, overflow_temple_1_default, lair_entry_dummy
D:9:      lemuel_slime, layout_loops_ring, lightli_temple_of_fire
D:10:     layout_basic, serial_shops, kennysheep_mini
D:11:     minmay_four_partial_circles, layout_basic, serial_ice, serial_ice_l,
          serial_ice_n, serial_ice_e, serial_ice_c,
          portal_ice_cave_demonic_guard, uniq_maurice
Temple:   eino_temple_rhombus

Skill      XL: |  1  2  3  4  5  6  7  8  9 10 11 |
---------------+----------------------------------+-----
Stealth        | 7 8 9 10 11 12 13 14 | 14.0
Dodging        | 3 4 5 6 7 8 |  8.3
Fighting       | 4 5 6 7 8 |  8.6
Invocations    | 4 7 9 10 | 10.2
Short Blades   | |  2.0

Action                   |  1- 3 |  4- 6 |  7- 9 | 10-12 || total
-------------------------+-------+-------+-------+-------++-------
Melee: Short sword       |    14 |    78 |    84 |       ||   176
       Tentacles         |     3 |    27 |    59 |    81 ||   170
       Constrict         |     1 |    19 |    23 |    37 ||    80
       Dagger            |       |       |    59 |   171 ||   230
       War axe           |       |       |       |    70 ||    70
Evoke: Wand              |     6 |       |       |     2 ||     8
  Use: Potion            |       |       |     6 |     4 ||    10
       Scroll            |       |       |       |     6 ||     6
 Stab: Sleeping          |     3 |    12 |    14 |    36 ||    65
       Distracted        |       |       |     3 |     2 ||     5
       Paralysed         |       |       |     4 |    21 ||    25
       Fleeing           |       |       |       |     1 ||     1
Armor: Skin              |     3 |     4 |       |    10 ||    17
Dodge: Dodged            |    13 |    54 |    80 |   245 ||   392

Table legend: (Time is in decaauts)
 A = Elapsed time spent in this place.
 B = Non-inter-level travel time spent in this place.
 C = Inter-level travel time spent in this place.
 D = Time resting spent in this place.
 E = Time spent auto-exploring this place.
 F = Levels seen in this place.
 G = Mean time per level.
                   A        B        C        D        E       F      G
               +--------+--------+--------+--------+--------+-----+--------+
         Total |  11546 |  11164 |    382 |    662 |   9028 |  11 | 1049.6 |
       Dungeon |  11541 |  11159 |    382 |    662 |   9028 |  10 | 1154.1 |
        Temple |      4 |      4 |      0 |      0 |      0 |   1 |    4.0 |
               +--------+--------+--------+--------+--------+-----+--------+

Top non-repeatable levels by time:
     D:9: 2034 daAuts
     D:7: 1597 daAuts
     D:8: 1581 daAuts
     D:5: 1506 daAuts
    D:10: 1450 daAuts
     D:6: 1033 daAuts
     D:4: 991 daAuts
     D:3: 909 daAuts
     D:2: 434 daAuts
  Temple: 4 daAuts
    D:11: 2 daAuts
